 Dungeon Crawl Stone Soup version 0.30-a0-639-g3916f1956a (webtiles) character file.

Game seed: 14647915714727968686

3469 acebull12 the Cleaver (level 10, 0/76 HPs)
             Began as a Formicid Fighter on Jan 17, 2023.
             Was a Believer of the Shining One.
             Slain by a vault guard
             ... wielding a +0 broad axe
              (18 damage)
             ... in a bailey.
             The game lasted 00:15:54 (8031 turns).

acebull12 the Cleaver (Formicid Fighter)            Turns: 8031, Time: 00:15:55

Health: 0/76       AC:  8    Str: 26    XL:     10   Next: 27%
Magic:  10/10      EV: 10    Int:  7    God:    the Shining One [**....]
Gold:   406        SH:  6    Dex: 13    Spells: 9/9 levels left

rFire   + . .      SeeInvis +    a - +0 war axe
rCold   + . .      Faith    .    c - +0 buckler
rNeg    + . .      Spirit   .    b - +0 scale mail
rPois   .          Reflect  .    (helmet unavailable)
rElec   .          Harm     .    o - scarf {rC+ rF+}
rCorr   .          Rampage  .    (no gloves)
Will    +....                    (no boots)
Stlth   +                        (no amulet)
HPRegen 0.32/turn                (no ring)
MPRegen 0.12/turn                (no ring)

@: glowing
A: permanent stasis, dig shafts and tunnels, antennae 3, four strong arms
a: Dig, Renounce Religion, Divine Shield


You were in a bailey.
You worshipped the Shining One.
The Shining One was pleased with you.
You visited 1 branch of the dungeon, and saw 7 of its levels.
You also visited: Sewer and Bailey.

You collected 406 gold pieces.

Inventory:

Hand Weapons
 a - a +0 war axe (weapon)
Missiles
 f - 31 poisoned darts
 m - 44 stones
 n - 4 datura-tipped darts
 B - a curare-tipped dart
Armour
 b - a +0 scale mail (worn)
 c - a +0 buckler (worn)
 o - a scarf of resistance (worn)
Wands
 w - a wand of flame (10)
Scrolls
 h - a scroll of magic mapping {unknown}
 l - a scroll of fog {unknown}
 q - 3 scrolls of enchant armour
 r - a scroll of blinking {unknown}
 u - 2 scrolls of poison
 y - a scroll of summoning {unknown}
 D - a scroll of fear {unknown}
Potions
 d - 2 potions of might
 e - 2 potions of ambrosia
 g - a potion of mutation {unknown}
 j - 2 potions of resistance
 p - a potion of attraction {unknown}
 s - 2 potions of haste {unknown}
 t - a potion of heal wounds
 v - 2 potions of cancellation {unknown}
 x - a potion of berserk rage {unknown}
 z - 2 potions of magic {unknown}
 A - 4 potions of brilliance {unknown}
 C - a potion of curing


   Skills:
 + Level 5.7 Fighting
 * Level 10.3 Axes
 * Level 7.6 Armour
 + Level 2.3 Dodging
 + Level 2.1 Stealth
 * Level 7.6 Shields


You had 9 spell levels left.
You didn't know any spells.
Your spell library contained the following spells:

 Spells                   Type           Power      Damage    Failure   Level
 Apportation              Tloc           0%         N/A       75%         1
 Necrotise                Necr           0%         1d4       75%         1
 Summon Small Mammal      Summ           0%         N/A       75%         1
 Lesser Beckoning         Tloc           0%         N/A       86%         2
 Momentum Strike          Conj/Tloc      0%         3d8       86%         2
 Blink                    Tloc           Unusable   N/A       N/A         2

Dungeon Overview and Level Annotations

Branches:
Dungeon (7/15)             Temple (0/1) D:5           Sewer (visited)
 Bailey (1/1)

Altars:
Ashenzari
Ru
Vehumet
The Shining One

Shops:
D:6 :!


Innate Abilities, Weirdness & Mutations

You cannot be hasted, slowed, berserked, paralysed or teleported.
You can dig through walls and to a lower floor.
You have a pair of large antennae on your head. (SInv)
Your four strong arms can wield two-handed weapons with a shield.


Message History

Things that are here:
a +0 broad axe; a +0 plate armour; a human corpse You open the door.
A vault guard comes into view. It is wielding a +0 broad axe.
The vault guard shouts!
Found a scroll labelled REGIMU KUGEG and 24 gold pieces.
You enter the shallow water.
Moving in this stuff is going to be slow.
You enter the shallow water.
Moving in this stuff is going to be slow.
The vault guard hits you with a +0 broad axe!
You block the vault guard's attack.
The vault guard hits you with a +0 broad axe!
The vault guard closely misses you.
You closely miss the vault guard.
The vault guard hits you with a +0 broad axe!
You hit the vault guard but do no damage.
The vault guard splashes around in the water.
You slash the vault guard!
The vault guard is lightly wounded.
The vault guard hits you with a +0 broad axe!
You hit the vault guard.
The vault guard is lightly wounded.
The vault guard hits you with a +0 broad axe!!
* * * LOW HITPOINT WARNING * * *
You hit the vault guard but do no damage.
The vault guard is lightly wounded.
The vault guard hits you with a +0 broad axe!
* * * LOW HITPOINT WARNING * * *
You completely miss the vault guard.
The vault guard is lightly wounded.
You block the vault guard's attack.
The vault guard attacks as you move away!
The vault guard hits you but does no damage.
You feel much better. The vault guard completely misses you.
The vault guard hits you with a +0 broad axe!!
* * * LOW HITPOINT WARNING * * *
You block the vault guard's attack.
The vault guard hits you with a +0 broad axe!!
You die...

###### ###.'.~#
##~.≈#..~~# ##~~.≈# ...~#
#~~~.≈## .p.#
#######~..~≈###?$########
##.....##..~~≈≈####≈≈#....
#.?.....#....~~≈≈≈≈~~#....
#....∩..)@...~.~~÷~..'..#.
#.......#.p.~....)...#..#.
##.....##.÷..~~..~≈≈≈#..##
#######~.......~≈#######.
#≈~~~~~~~~~≈##.....)
##≈~~~~~~~~~≈#.....)
##≈≈~~~~~≈≈##+#....
###≈≈≈≈≈### ##### #######
{


You could see a vault guard.

Vanquished Creatures
  A vault guard (Bailey)
  Prince Ribbit (Bailey)
  Sigmund (D:2)
  3 humans (Bailey)
  An orc warrior (D:6)
  A black bear (D:5)
  An ogre (D:6)
  2 phantoms
  5 bullfrogs
  4 kobold brigands
  2 scorpions (D:4)
  2 howler monkeys
  A jelly (D:5)
  A gnoll bouda (D:6)
  A hound (D:5)
  8 iguanas
  4 orc priests
  An orc wizard (D:6)
  10 adders
  7 gnolls
  6 river rats
  A white imp (D:7)
  3 worms (D:2)
  6 dart slugs
  35 orcs
  17 ball pythons
  4 endoplasms
  6 giant cockroaches
  9 goblins
  5 hobgoblins
  3 jackals (D:1)
  9 quokkas
  7 bats
  4 frilled lizards
  24 kobolds
  37 rats
233 creatures vanquished.

Vanquished Creatures (others)
  A plant (D:2)
1 creature vanquished.

Grand Total: 234 creatures vanquished

Notes
Turn   | Place    | Note
-------+----------+-------------------------------------------
     0 | D:1      | acebull12 the Formicid Fighter began the quest for the Orb.
     0 | D:1      | Reached XP level 1. HP: 18/18 MP: 1/1
    94 | D:1      | Reached XP level 2. HP: 22/24 MP: 2/2
   312 | D:1      | Reached XP level 3. HP: 30/30 MP: 3/3
   643 | D:1      | Found a faded altar of an unknown god.
   647 | D:1      | Prayed at the altar of an unknown god.
   647 | D:1      | Became a worshipper of the Shining One
   647 | D:1      | Reached * piety under the Shining One
  1252 | D:2      | Reached XP level 4. HP: 37/37 MP: 4/4
  1252 | D:2      | Noticed Sigmund
  1262 | D:2      | Killed Sigmund
  1263 | D:2      | Reached skill level 4 in Axes
  1263 | D:2      | Reached XP level 5. HP: 10/42 MP: 5/5
  1263 | D:2      | Reached XP level 6. HP: 11/48 MP: 6/6
  1455 | D:2      | Reached skill level 5 in Shields
  1796 | D:2      | Found a radiant altar of Vehumet.
  3149 | D:3      | HP: 2/48 [poisoned by an orc]
  3400 | D:4      | Reached skill level 5 in Axes
  3400 | D:4      | Reached XP level 7. HP: 31/54 MP: 7/7
  3656 | D:4      | Reached skill level 1 in Dodging
  4105 | D:5      | Entered Level 5 of the Dungeon
  4163 | D:5      | Found a sacrificial altar of Ru.
  4163 | D:5      | Found a broken altar of Ashenzari.
  4563 | D:5      | Reached skill level 6 in Axes
  4572 | D:5      | Reached skill level 5 in Armour
  4572 | D:5      | Reached XP level 8. HP: 45/60 MP: 8/8
  4694 | D:5      | Reached ** piety under the Shining One
  4810 | D:5      | Found a staircase to the Ecumenical Temple.
  5252 | D:6      | Reached skill level 7 in Axes
  5447 | D:6      | Found a glowing drain.
  5470 | Sewer    | Entered a sewer
  5690 | Sewer    | Reached XP level 9. HP: 66/66 MP: 9/9
  5739 | Sewer    | Reached skill level 8 in Axes
  6342 | D:6      | Reached skill level 5 in Fighting
  6549 | D:6      | Found Yshriames's Self-Improvement Boutique.
  6826 | D:6      | Identified the +1 leather armour of the Mackerel {rElec
                  | Int+3 Stlth+}
  6937 | D:6      | Found Vainiypp's Distillery.
  7374 | D:7      | Found a flagged portal.
  7384 | Bailey   | Entered a bailey
  7396 | Bailey   | Reached skill level 9 in Axes
  7768 | Bailey   | Noticed a vault guard
  7768 | Bailey   | Noticed Prince Ribbit
  7794 | Bailey   | Killed a vault guard
  7795 | Bailey   | Reached skill level 10 in Axes
  7795 | Bailey   | Reached XP level 10. HP: 32/75 MP: 10/10
  7802 | Bailey   | Killed Prince Ribbit
  8000 | Bailey   | Noticed a vault guard
  8023 | Bailey   | HP: 2/76 [vault guard/+0 broad axe (8)]
  8031 | Bailey   | Slain by a vault guard

Illustrated notes

Levels and vault maps discovered:
D:1:      shiori_arrival_maze, layout_basic,
          hellmonk_ecumenical_altar_defaced_shrine
D:2:      cheibrodos_old_hovel, layout_basic, basic_altar, uniq_sigmund
D:3:      layout_basic
D:4:      layout_layer_cave
D:5:      layout_basic, chequers_temple_overflow_statue_of_worship,
          minmay_temple_entry_fiery
D:6:      layout_basic, serial_shops, nicolae_shop_behind_doors,
          portal_sewer_entry_a, nicolae_shop_self_help
D:7:      layout_loops_ring, enter_bailey_4, serial_shops, shop_statue,
          nicolae_concentric_dashed_squares_mild
Bailey:   bailey_axe_froggy_fort_hellmonk, bailey

Skill      XL: |  1  2  3  4  5  6  7  8  9 |
---------------+----------------------------+-----
Axes           | 4 5 6 7 10 | 10.3
Armour         | 4 5 7 |  7.6
Shields        | 5 6 7 |  7.6
Fighting       | 4 5 |  5.7
Dodging        | 1 2 |  2.3
Stealth        | 2 |  2.1

Action                   |  1- 3 |  4- 6 |  7- 9 | 10-12 || total
-------------------------+-------+-------+-------+-------++-------
Melee: War axe           |    85 |   111 |   356 |    12 ||   564
  Use: Potion            |       |     2 |     4 |     1 ||     7
       Scroll            |       |       |     8 |       ||     8
Armor: Scale mail        |    35 |    47 |   119 |     2 ||   203
Dodge: Dodged            |    39 |    54 |   158 |     4 ||   255
Block: Buckler           |    24 |    26 |    89 |     3 ||   142

Table legend: (Time is in decaauts)
 A = Elapsed time spent in this place.
 B = Non-inter-level travel time spent in this place.
 C = Inter-level travel time spent in this place.
 D = Time resting spent in this place.
 E = Time spent auto-exploring this place.
 F = Levels seen in this place.
 G = Mean time per level.
                   A        B        C        D        E       F      G
               +--------+--------+--------+--------+--------+-----+--------+
         Total |   8182 |   7774 |    408 |    979 |   5133 |   9 |  909.1 |
       Dungeon |   6713 |   6305 |    408 |    699 |   4371 |   7 |  959.0 |
         Sewer |    814 |    814 |      0 |      0 |    555 |   1 |  814.0 |
        Bailey |    654 |    654 |      0 |    280 |    207 |   1 |  654.0 |
               +--------+--------+--------+--------+--------+-----+--------+

Top non-repeatable levels by time:
     D:6: 1185 daAuts
     D:1: 1159 daAuts
     D:3: 1129 daAuts
     D:2: 1068 daAuts
     D:4: 993 daAuts
     D:5: 969 daAuts
   Sewer: 814 daAuts
  Bailey: 654 daAuts
     D:7: 207 daAuts
